 Dungeon Crawl Stone Soup version 0.28.0-1-gb440e238dd (webtiles) character file.

Game seed: 3716579023459833437

97 arthad the Digger (level 4, 0/25 HPs)
             Began as a Gargoyle Earth Elementalist on Feb 20, 2022.
             Slain by Grinder (3 damage)
             ... on level 3 of the Dungeon.
             The game lasted 00:13:01 (2177 turns).

arthad the Digger (Gargoyle Earth Elementalist)     Turns: 2177, Time: 00:13:02

Health: 0/25       AC:  5    Str: 11    XL:     4   Next: 68%
Magic:  8/8        EV: 12    Int: 18    God:
Gold:   54         SH:  0    Dex: 10    Spells: 2/8 levels left

rFire   . . .      SeeInvis .   (no weapon)
rCold   . . .      Faith    .   (no shield)
rNeg    + . .      Spirit   .   b - +0 robe
rPois   ∞          Reflect  .   (no helmet)
rElec   +          Harm     .   (no cloak)
rCorr   .          Rampage  .   (no gloves)
Will    .....                   (no boots)
Stlth   ++........              (no amulet)
HPRegen 0.08/turn               (no ring)
MPRegen 0.11/turn               (no ring)

@: weak-willed
A: sickness immunity, AC +3, negative energy resistance 1, electricity
resistance, torment resistance 1, petrification resistance
a: no special abilities


You were on level 3 of the Dungeon.
You visited 1 branch of the dungeon, and saw 3 of its levels.

You collected 54 gold pieces.

Inventory:

Missiles
 a - 11 bolts
 c - 70 stones
 i - 4 poisoned darts
 j - 6 silver javelins
 q - a boomerang
Armour
 b - a +0 robe (worn)
 p - a +2 scale mail of willpower
Scrolls
 k - a scroll of identify
 o - a scroll of teleportation {unknown}
Potions
 d - a potion of degeneration
 f - 2 potions of haste
 g - a potion of heal wounds {unknown}
 h - a potion of invisibility {unknown}


   Skills:
 + Level 1.1 Fighting
 + Level 2.0 Dodging
 + Level 3.0 Stealth
 * Level 2.8 Spellcasting
 * Level 0.1 Conjurations
 + Level 1.3 Transmutations
 + Level 4.2 Earth Magic


You had 2 spell levels left.
You knew the following spells:

 Your Spells              Type           Power      Damage    Failure   Level
a - Sandblast             Erth           34%        2d9       3%          1
b - Passwall              Tmut/Erth      10%        N/A       8%          2
c - Stone Arrow           Conj/Erth      20%        3d8       21%         3

Your spell library contained the following spells:

 Spells                   Type           Power      Damage    Failure   Level
 Petrify                  Tmut/Erth      12%        N/A       45%         4


Dungeon Overview and Level Annotations

Branches:
Dungeon (2/15)

Altars:

Shops:
D:1 !?=

Annotations:
D:3 Grinder


Innate Abilities, Weirdness & Mutations

You are immune to sickness and miasma.
Your stone body is resilient. (AC +3)
You are immune to poison.
You resist negative energy. (rN+)
You are resistant to electric shocks. (rElec)
You are resistant to unholy torment.
You are immune to petrification.


Message History

A rat comes into view.
Grinder shouts!
Grinder drinks a potion.
Grinder seems to speed up.
As you read the scroll labelled KOOCIY NUNK, it crumbles to dust.
It is a scroll of amnesia.
Really abort (and waste the scroll)?
Okay, then.
As you read the scroll labelled DUOL ICHICANEA, it crumbles to dust.
It is a scroll of identify.
d - a potion of degeneration Grinder gestures at you.
You suddenly lose the ability to move!
The rat twitches its whiskers.
A quokka comes into view.
Grinder blinks!
Grinder hits you.
You writhe in agony.
Grinder blinks!
The rat bites you.
Grinder says, "Wait up."
Grinder blinks!
The rat bites you but does no damage. Grinder barely misses you.
The rat bites you but does no damage.
You can move again.
As you read the scroll labelled ABRUET HIATSIUL, it crumbles to dust.
Your body is wracked with pain!
The quokka convulses!
It was a scroll of torment.
Grinder barely misses you. Grinder hits you.
* * * LOW HITPOINT WARNING * * *
The rat barely misses you.
As you read the scroll labelled KEMINU VYRUNE, it crumbles to dust.
Magic quickly surges around you.
It was a scroll of vulnerability.
Grinder closely misses you. The quokka bites you.
* * * LOW HITPOINT WARNING * * *
The rat closely misses you.
As you read the scroll labelled QEXOLAUR ZOOSK, it crumbles to dust.
You hear a loud clanging noise!
It was a scroll of noise.
You hear a bark! x3; You hear a shout! x3; You hear an angry hiss. x2
You hear a shout! x2
Grinder hits you.
* * * LOW HITPOINT WARNING * * *
You writhe in agony.
You die...

##### ######
##...###......
####.....#.......
##........†.......
####[...#..........#
......r##..........##
.......@5.......§....
.......r..)§≈§≈§≈§...
..........≈≈####≈≈...
.[........≈## #≈.hh
....#.....§# ≈...
....##....≈# .. ...
#.....≈# h ##
#......≈≈ #.......≈


You could see Grinder (fast, weak-willed), a quokka (weak-willed) and a rat
(weak-willed).

Vanquished Creatures
  3 adders (D:2)
  A gnoll (D:1)
  2 dart slugs (D:2)
  A worm (D:2)
  An orc (D:3)
  9 ball pythons
  3 endoplasms
  A giant cockroach (D:1)
  6 goblins
  5 hobgoblins
  3 jackals (D:1)
  5 kobolds
  2 quokkas (D:2)
  2 bats
  2 frilled lizards
  3 rats (D:1)
49 creatures vanquished.

Notes
Turn   | Place    | Note
-------+----------+-------------------------------------------
     0 | D:1      | arthad the Gargoyle Earth Elementalist began the quest for
                  | the Orb.
     0 | D:1      | Reached XP level 1. HP: 10/10 MP: 3/3
    79 | D:1      | Reached skill level 1 in Transmutations
    79 | D:1      | Reached XP level 2. HP: 9/15 MP: 1/5
   346 | D:1      | Found Usueti's Magic Scroll Shop.
   453 | D:1      | Found Juzicwe's Jewellery Shop.
   622 | D:1      | Learned a level 2 spell: Passwall
   680 | D:1      | Reached XP level 3. HP: 19/19 MP: 4/6
   841 | D:1      | Reached skill level 4 in Earth Magic
   850 | D:1      | Found Duenn's Distillery.
  1030 | D:1      | Found a faded altar of an unknown god.
  1494 | D:2      | Reached XP level 4. HP: 24/24 MP: 5/8
  1612 | D:2      | Reached skill level 1 in Fighting
  1616 | D:2      | Learned a level 3 spell: Stone Arrow
  2135 | D:2      | You fall into a shaft and drop 1 floor!
  2166 | D:3      | Noticed Grinder
  2169 | D:3      | Paralysed by Grinder for 6 turns
  2177 | D:3      | Slain by Grinder

Illustrated notes

Levels and vault maps discovered:
D:1:      lemuel_arrival_funnel, layout_basic, serial_shops,
          nicolae_shop_crystal, nicolae_shop_temple_entry_statues_fountains,
          shop, shapermc_ecumenical_altar_notcrosses
D:2:      layout_loops_ring
D:3:      layout_basic, hex_intersection, kennysheep_decorative_pillar,
          minmay_between, uniq_grinder

Skill      XL: |  1  2  3  4 |
---------------+-------------+-----
Transmutations | 1 |  1.3
Earth Magic    | 4 |  4.2
Dodging        | 2 |  2.0
Fighting       | 1 |  1.1
Stealth        | 3 |  3.0
Spellcasting   | |  2.8
Conjurations   | |  0.1

Action                   |  1- 3 |  4- 6 || total
-------------------------+-------+-------++-------
Melee: Unarmed           |    29 |       ||    29
 Cast: Sandblast         |    46 |    22 ||    68
  Use: Potion            |     1 |       ||     1
       Scroll            |       |     5 ||     5
 Stab: Sleeping          |     2 |       ||     2
Armor: Skin              |     4 |       ||     4
       Robe              |    10 |     2 ||    12
Dodge: Dodged            |    29 |     5 ||    34
